Map: Blueshift LE

Players

Serral - Winner!

  • Race: Zerg Zerg
  • League: Master
  • Spawn Location: 1:00

soO

  • Race: Zerg Zerg
  • League: Master
  • Spawn Location: 7:00

Event: HomeStory Cup XVIII

VOD

Have the link to the VOD?

Description

Time

  • Played on: Nov. 23, 2018, 7:55 a.m.
  • Length: 6:13

All games in this series

Show
View Real Time Build Order
Export as new Build Order

Serral Zerg - Winner!

Build Orders: Hatch First 

Get SALT Encoding   

  12  0:00  Drone  
  13  0:12  Overlord  
  13  0:16  Drone  
  14  0:30  Drone x2  
  16  0:47  Hatchery  
  15  0:50  Drone  
  15  0:54  Drone  
  17  1:07  Spawning Pool  
  17  1:10  Extractor  
  15  1:12  Drone  
  15  1:16  Drone  
  17  1:19  Drone  
  18  1:28  Drone  
  19  1:54  Zergling x4  
  19  1:58  Queen x2  
  19  1:59  Zergling x4  
  27  2:11  Zergling x2  
  27  2:21  Spine Crawler  
  27  2:22  Zergling x2  
  27  2:23  Zergling x2  
  28  2:35  Metabolic Boost  
  28  2:47  Spine Crawler  
  28  2:51  Zergling x2  
  27  3:08  Zergling x2  
  27  3:12  Zergling x4  
  24  3:15  Zergling x2  
  24  3:18  Zergling x2  
  24  3:19  Spine Crawler  
  25  3:25  Zergling x2  
  25  3:31  Zergling x2  
  26  3:40  Zergling x2  
  27  3:44  Zergling x2  
  25  3:50  Zergling x2  
  25  3:51  Zergling x2  
  27  3:58  Spine Crawler  
  26  4:04  Queen  
  28  4:11  Overlord  
  28  4:29  Queen  
  24  4:39  Queen  
  26  4:47  Zergling x4  
  26  4:49  Zergling x2  
  29  5:04  Queen, Zergling x2  
  32  5:22  Queen  
  32  5:25  Zergling x4  
  35  5:45  Overlord  
Show
View Real Time Build Order
Export as new Build Order

soO Zerg 

Build Orders: 1 Base Baneling Bust, Pool Only, Zergling Baneling 

Get SALT Encoding   

  12  0:17  Spawning Pool  
  11  0:21  Drone  
  11  0:26  Drone  
  13  0:31  Drone  
  14  0:36  Extractor  
  14  0:42  Overlord  
  13  1:04  Zergling x4  
  15  1:05  Zergling x2  
  15  1:08  Queen  
  18  1:15  Zergling x2  
  19  1:27  Zergling x2  
  20  1:35  Metabolic Boost  
  20  1:37  Zergling x2  
  21  1:48  Zergling x2  
  22  1:56  Baneling Nest  
  22  1:59  Overlord  
  21  2:09  Zergling x2  
  22  2:19  Zergling x2  
  22  2:20  Zergling x4  
  25  2:30  Zergling x2  
  26  2:40  Baneling x2  
  26  2:41  Baneling  
  26  2:44  Baneling  
  26  2:48  Zergling x4  
  28  2:58  Zergling x4  
  30  2:59  Baneling  
  25  3:15  Baneling  
  25  3:16  Zergling x6  
  28  3:25  Baneling  
  28  3:29  Zergling x2  
  28  3:43  Zergling x2  
  24  3:49  Zergling x4  
  25  3:56  Baneling x2  
  25  3:58  Zergling x4  
  25  4:02  Baneling  
  27  4:05  Zergling x2  
  28  4:10  Baneling  
  28  4:17  Zergling x4  
  28  4:22  Baneling  
  29  4:28  Overlord  
  29  4:36  Zergling x4  
  25  4:42  Baneling  
  25  4:46  Baneling  
  25  4:48  Zergling x2  
  25  4:51  Zergling x2  
  27  4:56  Zergling x2  
  28  5:00  Baneling  
  28  5:04  Zergling x2  
  29  5:08  Zergling x2  
  29  5:13  Zergling x2  
  28  5:24  Zergling x4  
  27  5:37  Baneling x2  
  27  5:40  Zergling x4  
  29  5:47  Baneling  
  29  5:51  Zergling x2  
  29  5:55  Zergling x2  
Tags
 
Add a new tag
Caveats
  • Supply blocks, unpowered buildings, or Contaminate may cause inaccurate times.
  • Supply counts are checked every 10 seconds.